 Dungeon Crawl Stone Soup version 0.27-a0-1188-g73eefd5def (webtiles) character file.

Game seed: 1499766469395845962

53 AnungUnRama666 the Covered (level 4, -1/35 HPs)
             Began as a Human Fighter on May 19, 2021.
             Was a Follower of Vehumet.
             Slain by a hound zombie (2 damage)
             ... on level 5 of the Dungeon on May 20, 2021.
             The game lasted 00:23:32 (2652 turns).

AnungUnRama666 the Covered (Human Fighter)          Turns: 2652, Time: 00:23:33

Health: -1/35      AC:  7    Str: 18    XL:     4   Next: 11%
Magic:  13/13      EV:  7    Int:  8    God:    Vehumet [*.....]
Gold:   75         SH:  9    Dex: 12    Spells: 3/3 levels left

rFire    . . .     SeeInvis .   a - +0 flail
rCold    . . .     Faith    .   c - +0 kite shield
rNeg     . . .     Spirit   .   b - +1 scale mail
rPois    .         Reflect  .   (no helmet)
rElec    .         Harm     .   (no cloak)
rCorr    .         Rampage  .   (no gloves)
Will     .....                  (no boots)
Stlth    ..........             (no amulet)
HPRegen  0.11/turn              m - ring of magical power
MPRegen  0.13/turn              (no ring)

@: lethally poisoned (-1 -> -4), flying
A: no striking features
a: Renounce Religion


You were on level 5 of the Dungeon.
You worshipped Vehumet.
Vehumet was aware of your devotion.
You visited 1 branch of the dungeon, and saw 5 of its levels.

You collected 75 gold pieces.

Inventory:

Hand Weapons
 a - a +0 flail (weapon)
 g - a +0 club
 i - a +0 dagger
 l - a +0 whip
 n - a +0 trident
Missiles
 e - 14 sling bullets
 f - 15 arrows
Armour
 b - a +1 scale mail (worn)
 c - a +0 kite shield (worn)
 h - a +0 scale mail
 j - a +0 robe
 o - a +0 pair of boots
Magical Staves
 k - a staff of death
Jewellery
 m - a ring of magical power (left hand)
Potions
 p - a potion of attraction {unknown}


   Skills:
 + Level 3.3 Fighting
 + Level 2.6 Maces & Flails
 + Level 3.5 Armour
 + Level 0.4 Dodging
 + Level 3.3 Shields


You had 3 spell levels left.
You didn't know any spells.
Your spell library was empty.

Dungeon Overview and Level Annotations

Branches:
Dungeon (5/15)
 Temple: D:4-7

Altars:
Vehumet

Shops:
D:1 [


Message History

You thump the orc!
You kill the orc!
Vehumet accepts your kill. You block the iguana's attack.
You sock the iguana!
The iguana is heavily wounded.
You block the iguana's attack.
The hound zombie bites you but does no damage.
You barely miss the iguana.
The iguana is heavily wounded.
You block the scorpion's attack. You block the iguana's attack.
The hound zombie barely misses you. You block the scorpion's attack.
The iguana bites you!
The hound zombie bites you but does no damage.
You hit the iguana.
The iguana is heavily wounded.
You block the hound zombie's attack.
The scorpion stings you but does no damage.
The iguana closely misses you. The scorpion stings you.
* * * LOW HITPOINT WARNING * * *
You are lethally poisoned!
The scorpion poisons you! The hound zombie closely misses you.
* * * LOW HITPOINT WARNING * * *
You feel very sick.
The hound zombie bites you but does no damage.
* * * LOW HITPOINT WARNING * * *
You feel sick.
* * * LOW HITPOINT WARNING * * *
You feel sick.
The hound zombie bites you but does no damage.
The iguana bites you but does no damage.
You barely miss the iguana.
The iguana is heavily wounded.
* * * LOW HITPOINT WARNING * * *
You feel sick. You block the iguana's attack.
The scorpion stings you but does no damage.
The iguana bites you but does no damage.
* * * LOW HITPOINT WARNING * * *
You feel sick. The hound zombie bites you.
You die...

##.....##
##8.....8##
##.........##
#8.........8#
+.....[.....+
#8.....))..8#
#.........#
##8..Zl.8##
##..@s.##
##8.8## ##+##


You could see a scorpion, an iguana and a hound zombie.

Vanquished Creatures
  An adder (D:3)
  A worm (D:2)
  A dart slug (D:1)
  2 orcs
  4 ball pythons (D:1)
  3 endoplasms
  5 goblins
  A hobgoblin (D:1)
  3 jackals (D:2)
  5 kobolds (D:1)
  2 quokkas (D:1)
  A bat (D:2)
  2 frilled lizards
  4 rats
35 creatures vanquished.

Vanquished Creatures (others)
  A plant (D:1)
1 creature vanquished.

Grand Total: 36 creatures vanquished

Notes
Turn   | Place    | Note
-------+----------+-------------------------------------------
     0 | D:1      | AnungUnRama666 the Human Fighter began the quest for the
                  | Orb.
     0 | D:1      | Reached XP level 1. HP: 18/18 MP: 1/1
   161 | D:1      | Reached XP level 2. HP: 17/24 MP: 2/2
   949 | D:1      | Reached XP level 3. HP: 17/29 MP: 3/3
  1206 | D:1      | Found Imuod's Antique Armour Shoppe.
  1653 | D:2      | Found a faded altar of an unknown god.
  1839 | D:2      | Became a worshipper of Vehumet
  1839 | D:2      | Reached * piety under Vehumet
  1839 | D:2      | Offered knowledge of Shock by Vehumet.
  2193 | D:2      | Upgraded the game from 0.27-a0-1186-g8b4daa1eef to
                  | 0.27-a0-1188-g73eefd5def
  2253 | D:3      | Reached XP level 4. HP: 14/35 MP: 4/4
  2642 | D:5      | Entered Level 5 of the Dungeon
  2642 | D:5      | Noticed a scorpion
  2652 | D:5      | HP: 1/35 [poisoned by a scorpion]
  2652 | D:5      | Slain by a hound zombie

Illustrated notes

Levels and vault maps discovered:
D:1:      nicolae_arrival_somewhat_less_tricky_arrival, layout_loops_ring,
          serial_shops, shop, serial_forest, infiniplex_forest_lined_3,
          infiniplex_forest_straight_4, infiniplex_forest_straight_2,
          infiniplex_forest_lined_room_2, infiniplex_forest_clump_diagonal
D:2:      layout_rooms, hellmonk_ecumenical_altar_arch_garden
D:3:      layout_basic, serial_shops, nicolae_shop_behind_doors
D:4:      layout_cave_pods
D:5:      layout_rooms, minmay_temple_entry_butterflies,
          ebering_ghost_inner_flame, dk_noncrumbling_4, uniq_ijyb,
          uniq_crazy_yiuf_cottage

Action                   |  1- 3 |  4- 6 || total
-------------------------+-------+-------++-------
Melee: Flail             |   111 |    12 ||   123
  Use: Scroll            |     2 |       ||     2
       Potion            |     1 |     1 ||     2
Armor: Scale mail        |    65 |    10 ||    75
Dodge: Dodged            |    43 |     4 ||    47
Block: Kite shield       |    61 |    12 ||    73

Table legend: (Time is in decaauts)
 A = Elapsed time spent in this place.
 B = Non-inter-level travel time spent in this place.
 C = Inter-level travel time spent in this place.
 D = Time resting spent in this place.
 E = Time spent auto-exploring this place.
 F = Levels seen in this place.
 G = Mean time per level.
                   A        B        C        D        E       F      G
               +--------+--------+--------+--------+--------+-----+--------+
         Total |   2715 |   2707 |      8 |   1260 |    497 |   5 |  543.0 |
       Dungeon |   2715 |   2707 |      8 |   1260 |    497 |   5 |  543.0 |
               +--------+--------+--------+--------+--------+-----+--------+

Top non-repeatable levels by time:
     D:1: 1573 daAuts
     D:2: 713 daAuts
     D:3: 408 daAuts
     D:5: 12 daAuts
     D:4: 7 daAuts
